Map: Bel'Shir Vestige LE (Void)

Players

Musumeci - Winner!

  • Race: Zerg Zerg
  • League: Diamond
  • Spawn Location: 5:00

Terminator

  • Race: Terran Terran
  • League: Diamond
  • Spawn Location: 11:00

VOD

Have the link to the VOD?

Description

Time

  • Played on: Jan. 29, 2017, 1:31 p.m.
  • Length: 11:43
Show
View Real Time Build Order
Export as new Build Order

Musumeci Zerg - Winner!

Build Orders: Hatch First 

Get SALT Encoding   

  12  0:01  Drone  
  13  0:08  Drone  
  14  0:19  Extractor  
  14  0:20  Drone  
  15  0:47  Hatchery  
  14  0:50  Drone, Extractor  
  15  1:03  Spawning Pool  
  14  1:14  Overlord  
  14  1:18  Extractor  
  14  1:19  Drone, Extractor  
  14  1:22  Drone  
  16  1:37  Drone x2  
  18  1:50  Queen  
  18  1:52  Drone  
  21  1:57  Drone  
  21  1:58  Extractor  
  21  1:59  Queen  
  23  2:06  Drone  
  23  2:08  Drone  
  25  2:10  Drone  
  26  2:25  Drone x2  
  28  2:35  Overlord  
  28  2:53  Queen x2  
  28  2:54  Drone x4  
  36  3:15  Extractor  
  36  3:16  Drone, Extractor  
  36  3:17  Drone  
  36  3:18  Drone, Roach Warren  
  36  3:32  Hatchery  
  36  3:33  Overlord  
  35  3:35  Overlord  
  35  3:46  Drone  
  36  3:52  Drone  
  36  3:53  Drone x4  
  41  4:03  Evolution Chamber  
  41  4:04  Evolution Chamber  
  41  4:09  Drone x7  
  46  4:18  Roach  
  46  4:19  Roach  
  46  4:23  Roach  
  52  4:33  Overlord  
  52  4:50  Overlord x5  
  52  5:03  Roach x5  
  52  5:04  Drone x2  
  61  5:23  Ravager  
  62  5:33  Lair  
  62  5:34  Extractor  
  61  5:36  Extractor, Zerg Missile Weapons Level 1  
  55  5:47  Drone x9, Spore Crawler  
  55  5:48  Drone x3  
  66  6:07  Spore Crawler  
  66  6:08  Spore Crawler  
  66  6:10  Spore Crawler  
  63  6:12  Drone, Spore Crawler  
  63  6:13  Drone x3  
  63  6:14  Drone  
  63  6:16  Drone x2  
  63  6:17  Drone x2  
  71  6:21  Drone x4  
  71  6:23  Extractor  
  72  6:26  Extractor  
  71  6:36  Drone x2  
  71  6:37  Drone x3  
  71  6:38  Drone x2  
  71  6:39  Drone x2  
  80  6:43  Glial Reconstitution  
  80  6:46  Zerg Ground Armor Level 1  
  80  6:52  Roach  
  80  6:53  Roach x2  
  86  6:58  Zergling x2  
  86  7:00  Overlord  
  86  7:01  Overlord  
  87  7:08  Drone x3  
  90  7:20  Ravager x9  
  99  7:33  Roach  
  99  7:34  Roach x2  
  104  7:38  Overlord x3  
  104  7:39  Overlord  
  104  7:47  Ravager  
  105  7:58  Roach  
  105  7:59  Roach x12  
  128  8:15  Roach x5  
  138  8:20  Zerg Missile Weapons Level 2  
  132  8:38  Roach x8  
  130  8:43  Roach x3  
  131  8:49  Drone x3  
  134  8:59  Zerg Ground Armor Level 2  
  134  9:08  Ravager x2  
  134  9:09  Ravager x2  
  138  9:11  Overlord  
  138  9:12  Overlord x3  
  138  9:21  Hatchery  
  138  9:22  Extractor  
  138  9:23  Roach  
  138  9:34  Ravager x9  
  138  9:38  Roach x4  
  155  9:45  Spine Crawler x3  
  155  9:47  Spore Crawler  
  155  9:48  Roach x2  
  155  9:49  Roach x4, Spore Crawler  
  155  9:50  Spore Crawler  
  155  9:52  Spore Crawler  
  160  10:06  Roach x8  
  160  10:07  Roach  
  163  10:25  Roach x4  
  163  10:43  Roach x6  
  156  10:52  Roach  
  156  10:53  Roach x7  
  154  11:17  Infestation Pit  
  154  11:18  Roach x8  
  165  11:21  Ravager x7  
Show
View Real Time Build Order
Export as new Build Order

Terminator Terran 

Build Orders: MMM Bio 

Get SALT Encoding   

  12  0:02  SCV  
  13  0:15  SCV  
  13  0:18  Supply Depot  
  14  0:27  SCV  
  15  0:40  SCV  
  15  0:41  Barracks  
  16  0:48  Refinery  
  16  0:52  SCV  
  17  0:59  Supply Depot  
  17  1:04  SCV  
  18  1:16  SCV  
  18  1:28  SCV  
  19  1:34  Marine  
  20  1:40  Orbital Command  
  20  2:01  Marine  
  20  2:02  Command Center  
  21  2:09  SCV  
  22  2:16  Bunker, Factory  
  22  2:19  Marine  
  22  2:21  SCV  
  24  2:27  Supply Depot  
  24  2:33  SCV  
  25  2:37  Marine  
  25  2:39  Refinery  
  26  2:45  SCV  
  27  2:55  Marine  
  27  2:57  SCV  
  29  2:58  Barracks  
  29  3:08  Starport  
  29  3:09  SCV  
  30  3:13  Widow Mine  
  32  3:22  Orbital Command  
  32  3:28  SCV  
  32  3:32  Marine  
  34  3:40  SCV  
  35  3:42  Widow Mine  
  37  3:49  SCV  
  37  3:50  Marine  
  37  3:51  Medivac  
  37  3:53  Barracks Tech Lab  
  41  3:57  SCV  
  41  4:01  Supply Depot  
  42  4:05  SCV  
  42  4:06  Engineering Bay  
  42  4:08  Marine  
  44  4:10  Widow Mine  
  44  4:11  SCV  
  47  4:20  Marauder  
  47  4:21  Viking  
  47  4:22  SCV  
  52  4:27  SCV  
  53  4:37  SCV  
  54  4:39  SCV  
  54  4:41  Refinery  
  54  4:43  Liberator  
  54  4:44  Factory Tech Lab  
  55  4:48  Marauder, Barracks Reactor  
  57  4:53  Terran Infantry Weapons Level 1  
  57  4:54  SCV, Barracks  
  57  4:56  Barracks  
  57  4:58  SCV  
  62  5:20  Marine  
  62  5:22  SCV x2  
  62  5:25  Supply Depot  
  62  5:27  Marine  
  62  5:28  Marine  
  61  5:34  SCV x2  
  63  5:37  Stimpack, Engineering Bay  
  63  5:38  Marine  
  64  5:46  SCV, Marine  
  64  5:48  Siege Tank  
  69  5:51  Marine  
  69  5:52  SCV  
  69  5:56  Command Center  
  71  5:59  Barracks Tech Lab  
  71  6:00  Refinery, Barracks Tech Lab  
  71  6:05  Marauder  
  71  6:06  SCV  
  72  6:13  Marine x2  
  74  6:20  Siege Tank  
  74  6:24  Marauder  
  74  6:25  Marauder  
  78  6:26  Marine, Supply Depot  
  78  6:28  Supply Depot  
  79  6:33  Concussive Shells  
  79  6:34  Combat Shields  
  79  6:36  Starport Reactor  
  79  6:38  SCV  
  80  6:43  Marine, Terran Infantry Armor Level 1  
  80  6:46  SCV  
  82  6:47  Marine  
  82  6:48  Marine  
  82  6:49  Marauder  
  82  6:52  Marauder  
  88  6:59  Supply Depot  
  88  7:01  Supply Depot  
  88  7:02  Marine  
  89  7:14  Marine x2  
  89  7:15  Marauder x2  
  95  7:16  SCV, Siege Tank  
  95  7:22  Medivac x2  
  103  7:23  SCV  
  103  7:27  Marine  
  103  7:28  SCV  
  106  7:32  Marine x2  
  108  7:37  SCV  
  108  7:40  Orbital Command  
  108  7:43  Marauder, Marine  
  112  7:47  SCV  
  112  7:49  Armory  
  113  7:52  Medivac  
  113  7:53  Medivac  
  116  8:20  Marauder x2  
  116  8:22  Marine, Medivac  
  116  8:23  Marauder, Marine, Medivac  
  116  8:40  Marine  
  116  8:41  Marauder x2, Marine  
  103  8:44  Marine  
  103  8:46  Barracks  
  103  8:47  Barracks x2  
  76  8:51  Siege Tank  
  79  8:58  Marine x2  
  79  9:02  Terran Infantry Armor Level 2, Marine x2  
  85  9:03  Marauder  
  85  9:04  SCV x3  
  88  9:13  Refinery  
  88  9:15  Refinery  
  88  9:16  SCV x2, Marine x2  
  92  9:17  SCV  
  92  9:20  Marine x2  
  92  9:21  Terran Infantry Weapons Level 2  
  92  9:23  Marine, Siege Tank  
  99  9:27  Medivac  
  101  9:33  Supply Depot  
  101  9:34  Marine x2, Supply Depot  
  101  9:36  Supply Depot  
  101  9:37  Marine  
  101  9:38  Marine  
  105  9:39  Barracks Tech Lab  
  105  9:41  Marine  
  105  9:43  Barracks Reactor  
  106  9:48  Barracks Reactor  
  106  9:52  Marine x2  
  108  9:56  Marauder x2  
  108  9:59  Marine  
  113  10:02  Marine  
  110  10:09  Marine  
  110  10:10  Marine  
  112  10:17  Marauder  
  112  10:18  Marine x2  
  112  10:19  Marine  
  112  10:20  Marine x2  
  115  10:27  Medivac x2  
  103  10:30  Marine x2  
  103  10:31  Marine x2  
  96  10:36  Marine  
  96  10:47  Command Center  
  83  10:50  Marine x5  
  83  10:51  Marauder x2, Marine x2  
  83  10:54  Marauder  
  78  11:07  Marine  
  78  11:09  Marauder, Siege Tank  
  95  11:11  Medivac x2  
  84  11:12  Marine x3  
  84  11:13  Marauder x2  
  84  11:15  Marauder  
  99  11:23  Factory  
Tags
 
Add a new tag
Caveats
  • Supply blocks, unpowered buildings, or Contaminate may cause inaccurate times.
  • Supply counts are checked every 10 seconds.